[Event "Tuesday 16 January Rapid Engine Tour 12+1 Rounds 9 Starts 1600 ST"]
[Site "Infinity Chess"]
[Date "2018.1.16"]
[Round "8"]
[White "RonWeasley"]
[Black "tris77"]
[Result "1/2-1/2"]
[ECO "B95"]
[WhiteElo "2436"]
[BlackElo "2325"]
[WhiteEngine "BrainFish 130117_CTG"]
[BlackEngine "Raubfisch X37a2_CTG"]
[EventType "Swiss"]
[WhiteTeam ""]
[BlackTeam ""]
[PlyCount "109"]
[TimeControl "720+1"]

1. e4 c5 2. Nf3 d6 3. d4 cxd4 4. Nxd4 Nf6 5. Nc3 a6 6. Bg5 e6 7. Qf3 h6 
8. Bd2 Nbd7 9. a3 Nc5 10. b4 Ncd7 11. Be2 Ne5 12. Qe3 Ng6 13. O-O Be7 14. f4 O-O 
15. Rad1 Qc7 16. Bd3 b5 17. h3 Rb8 18. Rde1 Qb6 19. g3 Nd7 20. Nb3 Bd8 
21. Nd1 Bb7 22. Nf2 Rc8 23. Rc1 Ne7 24. c4 bxc4 25. Bxc4 d5 26. Qxb6 Bxb6 
27. exd5 Bxd5 28. Bxd5 exd5 29. Rxc8 Nxc8 30. Kg2 Nd6 31. a4 Nf6 32. Nd3 Nfe4 
33. Rd1 Nc4 34. Kf3 Re8 35. Be1 f5 36. a5 Ba7 37. Nbc5 g5 38. Bf2 Bxc5 
39. Nxc5 Ned2+ 40. Kg2 Re2 41. Kg1 Kf7 42. b5 axb5 43. a6 Nf3+ 44. Kg2 g4 
45. hxg4 fxg4 46. Kf1 Rc2 47. Rxd5 Nh2+ 48. Ke1 Nf3+ 49. Kf1 Ra2 50. Rd7+ Ke8 
51. Rb7 Ncd2+ 52. Kg2 Nc4 53. Kf1 Ncd2+ 54. Kg2 Nc4 55. Kf1 1/2-1/2

[Event "Tuesday 16 January Rapid Engine Tour 12+1 Rounds 9 Starts 1600 ST"]
[Site "Infinity Chess"]
[Date "2018.1.16"]
[Round "8"]
[White "Eman"]
[Black "CrapCleaner"]
[Result "1-0"]
[ECO "A46"]
[WhiteElo "2448"]
[BlackElo "2426"]
[WhiteEngine "Eman 1.62 64-bit POPCNT"]
[BlackEngine "SugaR XPrO x64 BMI2_CTG"]
[EventType "Swiss"]
[WhiteTeam ""]
[BlackTeam ""]
[PlyCount "163"]
[TimeControl "720+1"]

1. d4 Nf6 2. Nf3 d5 3. c4 e6 4. Nc3 c6 5. e3 Nbd7 6. Qc2 Bd6 7. Bd3 O-O 
8. O-O dxc4 9. Bxc4 a6 10. Rd1 b5 11. Bd3 Bb7 12. Ng5 h6 13. Nge4 Bc7 14. a3 a5 
15. b3 Qe7 16. Bb2 Nd5 17. g3 Bb6 18. Bf1 f5 19. Nd2 e5 20. Nxd5 cxd5 
21. Bxb5 Rac8 22. Qd3 e4 23. Qe2 Rc2 24. Rab1 Nf6 25. Rdc1 Rxc1+ 26. Rxc1 g5 
27. f4 Qg7 28. Kh1 Kh7 29. Nf1 Rg8 30. Qd2 Ng4 31. b4 axb4 32. Qxb4 gxf4 
33. exf4 Bc7 34. Be2 Bxf4 35. Bxg4 Qxg4 36. Qxb7+ Rg7 37. Qb3 Bxc1 38. Bxc1 Rc7 
39. Bd2 f4 40. Qb8 Rc8 41. Qxf4 Qxf4 42. Bxf4 Rc3 43. Ne3 Rd3 44. Nc2 h5 
45. Kg2 Kg6 46. a4 Rb3 47. Ne3 Rd3 48. Nxd5 Rxd4 49. Nc3 Kf5 50. a5 Rc4 
51. Bd2 Rb4 52. Kf2 Rb3 53. h3 Ke5 54. Ke3 Ra3 55. g4 Ra1 56. Nxe4 Rh1 
57. Nf2 Rb1 58. a6 Ke6 59. Ne4 h4 60. Bc3 Rb8 61. a7 Rc8 62. Bd4 Kd5 
63. Nf6+ Kc6 64. g5 Kb7 65. g6 Rc7 66. Ne4 Rc2 67. Kf4 Rg2 68. Kf5 Ka8 
69. Kf6 Rc2 70. g7 Rc8 71. Kf7 Rc7+ 72. Kg6 Rc6+ 73. Nf6 Rc8 74. g8=Q Rxg8+ 
75. Nxg8 Kb7 76. Kf6 Ka6 77. a8=Q+ Kb5 78. Qa2 Kb4 79. Ne7 Kb5 80. Qb3+ Ka5 
81. Nd5 Ka6 82. Qb6# 1-0

[Event "Tuesday 16 January Rapid Engine Tour 12+1 Rounds 9 Starts 1600 ST"]
[Site "Infinity Chess"]
[Date "2018.1.16"]
[Round "8"]
[White "MarioDeMonti"]
[Black "Thor"]
[Result "1/2-1/2"]
[ECO "C53"]
[WhiteElo "2423"]
[BlackElo "2455"]
[WhiteEngine "stockfish_x64_bmi2_2018_01_13_CTG"]
[BlackEngine "asmFishW_2017-11-19_bmi2"]
[EventType "Swiss"]
[WhiteTeam ""]
[BlackTeam ""]
[PlyCount "94"]
[TimeControl "720+1"]

1. e4 e5 2. Nf3 Nc6 3. Bc4 Bc5 4. c3 Nf6 5. d3 d6 6. O-O O-O 7. b4 Bb6 8. a4 a6 
9. Nbd2 Ne7 10. Bb3 Ng6 11. Nc4 Ba7 12. Be3 Bxe3 13. Nxe3 a5 14. b5 c6 
15. Qc2 Re8 16. Rfe1 h6 17. Rad1 Qc7 18. Rb1 Ng4 19. c4 Nf4 20. d4 Qe7 
21. h3 Nxe3 22. fxe3 Ne6 23. c5 exd4 24. exd4 dxc5 25. bxc6 bxc6 26. Bxe6 Bxe6 
27. Qxc5 Qxc5 28. dxc5 Rad8 29. Rb6 Rd3 30. Rxc6 Rc3 31. Nd4 Bd5 32. Rc7 Rc4 
33. Nf5 Rexe4 34. Rxe4 Bxe4 35. Nd6 Rc1+ 36. Kf2 Rc2+ 37. Ke3 Bxg2 38. h4 Kh7 
39. h5 Rc3+ 40. Kd4 Ra3 41. Rxf7 Rxa4+ 42. Nc4 Bc6 43. Rf2 g6 44. hxg6+ Kxg6 
45. Ke5 Rxc4 46. Rf6+ Kg7 47. Rxc6 a4 1/2-1/2

[Event "Tuesday 16 January Rapid Engine Tour 12+1 Rounds 9 Starts 1600 ST"]
[Site "Infinity Chess"]
[Date "2018.1.16"]
[Round "8"]
[White "Longin"]
[Black "Harry_Potter"]
[Result "1/2-1/2"]
[ECO "E10"]
[WhiteElo "2426"]
[BlackElo "2470"]
[WhiteEngine "S_XPrO.251117.x64.POPCNT_CTG"]
[BlackEngine "Stockfish_18011309_x64_bmi2_CTG"]
[EventType "Swiss"]
[WhiteTeam ""]
[BlackTeam ""]
[PlyCount "128"]
[TimeControl "720+1"]

1. d4 Nf6 2. c4 e6 3. Nf3 d5 4. Nc3 Be7 5. Bf4 O-O 6. e3 Nbd7 7. c5 Nh5 
8. Bd3 b6 9. b4 Nxf4 10. exf4 c6 11. O-O a5 12. a3 Ba6 13. Bxa6 Rxa6 14. Qe2 Ra7 
15. Rfb1 g6 16. g3 Qc7 17. Kg2 Rfa8 18. Qd1 Qb7 19. Na4 b5 20. Nc3 Bf6 
21. Ne5 Be7 22. bxa5 Rxa5 23. a4 Nxe5 24. fxe5 Qa7 25. h4 bxa4 26. Ra3 Kg7 
27. Rb4 Qc7 28. Raxa4 Bd8 29. Rxa5 Rxa5 30. Rb6 Qc8 31. Rb2 Qa8 32. Rb1 Ra7 
33. Ne2 Rb7 34. Rc1 Rb2 35. Ra1 Ra2 36. Rb1 Qa3 37. Rb3 Qa6 38. Nf4 Ra1 
39. Qd3 Kf8 40. Qxa6 Rxa6 41. Nd3 Ra8 42. f3 Ke8 43. Kf2 Kd7 44. f4 Ra4 
45. Ke3 Ba5 46. Nf2 Be1 47. Rb7+ Kc8 48. Rxf7 Bc3 49. Nd3 Bxd4+ 50. Ke2 h5 
51. Rf6 Kd7 52. Rxg6 Ra2+ 53. Kf1 Ra1+ 54. Ke2 Ra2+ 55. Kd1 Rg2 56. Rg7+ Kc8 
57. Nb4 Bxc5 58. Nxc6 d4 59. f5 d3 60. fxe6 Be3 61. Ne7+ Kd8 62. Nc6+ Kc8 
63. Ne7+ Kd8 64. Nc6+ Kc8 1/2-1/2

[Event "Tuesday 16 January Rapid Engine Tour 12+1 Rounds 9 Starts 1600 ST"]
[Site "Infinity Chess"]
[Date "2018.1.16"]
[Round "8"]
[White "IronMan"]
[Black "hafaba"]
[Result "1/2-1/2"]
[ECO "A00"]
[WhiteElo "2387"]
[BlackElo "2432"]
[WhiteEngine "Eman 1.58 64-bit BMI2"]
[BlackEngine "Stockfish SL 07012018 POPCNT_CTG"]
[EventType "Swiss"]
[WhiteTeam ""]
[BlackTeam ""]
[PlyCount "98"]
[TimeControl "720+1"]

1. g3 d5 2. Nf3 e6 3. Bg2 c5 4. d4 cxd4 5. Nxd4 Nf6 6. c4 e5 7. Nf3 d4 
8. O-O Nc6 9. e3 Be7 10. exd4 exd4 11. Bf4 O-O 12. Ne5 Qb6 13. Re1 Nxe5 
14. Bxe5 Rd8 15. Nd2 Bg4 16. Qb3 Bb4 17. Bc7 Qxc7 18. Qxb4 a5 19. Qe7 Bd7 
20. Rad1 Re8 21. Qa3 Bg4 22. Rc1 h6 23. Rxe8+ Rxe8 24. Qd3 Qd7 25. Nf3 Bxf3 
26. Bxf3 Ng4 27. Qb3 Ne5 28. Qxb7 Nxf3+ 29. Qxf3 d3 30. Rd1 d2 31. Qc3 Re2 
32. Kg2 Qc6+ 33. Qf3 Qxc4 34. b3 Qe6 35. h4 g6 36. Qd3 Qc6+ 37. Qf3 Qe6 
38. Qa8+ Kh7 39. Qf3 a4 40. bxa4 Kg8 41. a3 h5 42. a5 Qc4 43. Qa8+ Kg7 
44. Qf3 Kf8 45. a4 Kg8 46. Kh2 Qa6 47. Kg2 Qc4 48. Kh2 Kf8 49. Kg2 Kg8 1/2-1/2

[Event "Tuesday 16 January Rapid Engine Tour 12+1 Rounds 9 Starts 1600 ST"]
[Site "Infinity Chess"]
[Date "2018.1.16"]
[Round "8"]
[White "incredible"]
[Black "Dovahkiin"]
[Result "1/2-1/2"]
[ECO "D31"]
[WhiteElo "2442"]
[BlackElo "2381"]
[WhiteEngine "Stockfish_x64_bmi2"]
[BlackEngine "BrainFish_180113_x64_modern_CTG"]
[EventType "Swiss"]
[WhiteTeam ""]
[BlackTeam ""]
[PlyCount "95"]
[TimeControl "720+1"]

1. d4 d5 2. c4 e6 3. Nc3 c6 4. Nf3 Nf6 5. Bg5 h6 6. Bxf6 Qxf6 7. e3 Nd7 
8. Bd3 dxc4 9. Bxc4 g6 10. O-O Bg7 11. e4 e5 12. d5 Nb6 13. Nd2 O-O 14. Bb3 h5 
15. Qe2 Bg4 16. f3 Bd7 17. Qf2 Rfd8 18. Kh1 Be8 19. a4 Nd7 20. a5 Qd6 
21. Nc4 Qb4 22. Ba2 Nc5 23. Rfd1 Nb3 24. Bxb3 Qxb3 25. Ne3 Bh6 26. g4 b5 
27. dxc6 Bxe3 28. Qxe3 Bxc6 29. gxh5 b4 30. Nd5 Bxd5 31. Rd3 Qxb2 32. Rad1 Rd6 
33. Rxd5 Rxd5 34. exd5 Qc3 35. Qe4 f5 36. Qe2 Rd8 37. Rf1 Rxd5 38. Qa6 Rd1 
39. Qxg6+ Kh8 40. Qh6+ Kg8 41. Qg6+ Kh8 42. Qe8+ Kg7 43. Qe7+ Kg8 44. Qg5+ Kh8 
45. Qf6+ Kg8 46. Qe6+ Kh8 47. Qh6+ Kg8 48. Qg6+ 1/2-1/2

[Event "Tuesday 16 January Rapid Engine Tour 12+1 Rounds 9 Starts 1600 ST"]
[Site "Infinity Chess"]
[Date "2018.1.16"]
[Round "8"]
[White "OlivierEvan"]
[Black "KhalidOmar"]
[Result "1/2-1/2"]
[ECO "A13"]
[WhiteElo "2393"]
[BlackElo "2445"]
[WhiteEngine "Houdini 6"]
[BlackEngine "Eman 1.62 64-bit BMI2"]
[EventType "Swiss"]
[WhiteTeam ""]
[BlackTeam ""]
[PlyCount "73"]
[TimeControl "720+1"]

1. c4 e6 2. d4 d5 3. Nc3 c6 4. e4 dxe4 5. Nxe4 Bb4+ 6. Bd2 Qxd4 7. Bxb4 Qxe4+ 
8. Be2 Na6 9. Ba5 b6 10. Qd6 Bd7 11. Bc3 f6 12. Nf3 Nh6 13. Rd1 Rd8 14. Qa3 Bc8 
15. Nd2 Qf4 16. Bh5+ Nf7 17. O-O c5 18. Qa4+ Ke7 19. Rfe1 Ng5 20. Re3 Rd6 
21. Rde1 Rhd8 22. Ne4 Nxe4 23. Rxe4 Qh6 24. Bf3 Kf8 25. R4e3 e5 26. a3 g5 
27. Be4 Qg7 28. b4 h5 29. Qc2 h4 30. Bf5 Bxf5 31. Qxf5 Kg8 32. g3 Qh7 
33. Qg4 Qd7 34. Qe4 Qh7 35. Qg4 Qd7 36. Qe4 Qh7 37. Qg4 1/2-1/2

[Event "Tuesday 16 January Rapid Engine Tour 12+1 Rounds 9 Starts 1600 ST"]
[Site "Infinity Chess"]
[Date "2018.1.16"]
[Round "8"]
[White "Wolle"]
[Black "SkyPilot"]
[Result "1/2-1/2"]
[ECO "B90"]
[WhiteElo "2457"]
[BlackElo "2479"]
[WhiteEngine "Raubfisch X37a2_CTG"]
[BlackEngine "stockfish_x64_bmi2_2018_01_13_CTG"]
[EventType "Swiss"]
[WhiteTeam ""]
[BlackTeam ""]
[PlyCount "85"]
[TimeControl "720+1"]

1. e4 c5 2. Nf3 d6 3. d4 cxd4 4. Nxd4 Nf6 5. Nc3 a6 6. Be3 e5 7. Nb3 Be6 
8. h3 Be7 9. f4 Nc6 10. f5 Bxb3 11. axb3 Nb4 12. g3 Qc7 13. Bb5+ Kf8 14. Bc4 Rd8 
15. Nd5 Nfxd5 16. exd5 b5 17. Qd2 bxc4 18. Qxb4 cxb3 19. Qxb3 Rb8 20. Qc3 Bd8 
21. Kd2 a5 22. Rhb1 Ke7 23. b4 Qxc3+ 24. Kxc3 axb4+ 25. Rxb4 Rxb4 26. Kxb4 Bc7 
27. c4 Rb8+ 28. Kc3 Bb6 29. Bxb6 Rxb6 30. g4 Kf6 31. Ra7 h6 32. Rc7 g6 
33. fxg6 fxg6 34. Kd3 Rb3+ 35. Kc2 Rxh3 36. Rd7 e4 37. Rxd6+ Ke5 38. Rxg6 Kd4 
39. d6 Kxc4 40. g5 hxg5 41. d7 Rd3 42. d8=Q Rxd8 43. Rxg5 1/2-1/2

[Event "Tuesday 16 January Rapid Engine Tour 12+1 Rounds 9 Starts 1600 ST"]
[Site "Infinity Chess"]
[Date "2018.1.16"]
[Round "8"]
[White "Ninja_Bp"]
[Black "angriff"]
[Result "1/2-1/2"]
[ECO "A05"]
[WhiteElo "2460"]
[BlackElo "2488"]
[WhiteEngine "Houdini 6"]
[BlackEngine "Raubfisch ME262_GTZ16b1_CTG"]
[EventType "Swiss"]
[WhiteTeam ""]
[BlackTeam ""]
[PlyCount "103"]
[TimeControl "720+1"]

1. Nf3 Nf6 2. d4 d5 3. e3 c5 4. c4 cxd4 5. exd4 g6 6. cxd5 Nxd5 7. Qb3 Bg7 
8. Bc4 e6 9. Bg5 Qb6 10. Nc3 h6 11. Bd2 Ne7 12. Qxb6 axb6 13. O-O O-O 
14. Rfd1 Bd7 15. Be3 Rc8 16. Bb3 b5 17. a3 Nf5 18. Bf4 Nc6 19. d5 exd5 
20. Nxd5 Be6 21. g4 Nfd4 22. Nxd4 Bxd4 23. Ne7+ Nxe7 24. Bxe6 Rd8 25. Ba2 Bxb2 
26. Rxd8+ Rxd8 27. Rb1 Bxa3 28. Rxb5 Rd4 29. Be3 Rxg4+ 30. Kf1 Ra4 31. Rxb7 Kg7 
32. Rd7 Bb2 33. Bb3 Ra1+ 34. Kg2 Bf6 35. Rb7 Rb1 36. Bf4 h5 37. Be3 Kh8 
38. h3 Kg7 39. Kf3 h4 40. Kg2 g5 41. Bc5 Kh6 42. Rb6 Ng6 43. Rxf6 Rxb3 
44. Be3 Kg7 45. Bxg5 Rb5 46. f4 Nxf4+ 47. Rxf4 Rxg5+ 48. Kf3 Kg6 49. Rxh4 Rc5 
50. Rg4+ Kh7 51. Ra4 Rc3+ 52. Kg4 1/2-1/2

[Event "Tuesday 16 January Rapid Engine Tour 12+1 Rounds 9 Starts 1600 ST"]
[Site "Infinity Chess"]
[Date "2018.1.16"]
[Round "8"]
[White "Neoxium"]
[Black "THE_MACHINE"]
[Result "1/2-1/2"]
[ECO "C65"]
[WhiteElo "2467"]
[BlackElo "2496"]
[WhiteEngine "SF SL FA-IDeA"]
[BlackEngine "Houdini 6"]
[EventType "Swiss"]
[WhiteTeam ""]
[BlackTeam ""]
[PlyCount "176"]
[TimeControl "720+1"]

1. e4 e5 2. Nf3 Nc6 3. Bb5 Nf6 4. d3 Bc5 5. Bxc6 dxc6 6. Nbd2 O-O 7. O-O Re8 
8. Nc4 Nd7 9. Bd2 f6 10. a4 Nf8 11. Nh4 Ne6 12. Nf5 b6 13. Qg4 Kh8 14. Be3 Bf8 
15. h4 g6 16. Ng3 Nd4 17. Qd1 c5 18. h5 Be6 19. Kh2 Qd7 20. Rh1 Bg4 21. Qd2 g5 
22. f3 Be6 23. b3 a6 24. Nb2 Rad8 25. Rhf1 b5 26. axb5 axb5 27. Nd1 c4 
28. bxc4 bxc4 29. Nf2 Bc5 30. Rfe1 Qf7 31. Rab1 cxd3 32. Nxd3 Bd6 33. Kg1 Bf8 
34. Qc3 Rd6 35. Rb2 Rc8 36. Reb1 Qe8 37. Qd2 h6 38. Kh2 Rdd8 39. Rb7 Kh7 
40. Qf2 Qf7 41. Ra1 Rd7 42. Qd2 Rd6 43. Ra5 Rcd8 44. Raa7 Rc6 45. Bxd4 Rxd4 
46. Ra8 Rcc4 47. Rbb8 Bg7 48. Kg1 Rd7 49. Rb4 Rc6 50. Qf2 Rdd6 51. Rb1 Rd4 
52. Rb4 Rxb4 53. Nxb4 Rc4 54. Nd3 Qd7 55. Nf1 f5 56. Nc5 Qc6 57. Ra6 Qxc5 
58. Qxc5 Rxc5 59. Rxe6 f4 60. Nh2 Rxc2 61. Re7 c5 62. Ng4 Kg8 63. Rc7 c4 
64. Nh2 c3 65. Ng4 Kf8 66. Kh2 Rc1 67. Rc8+ Ke7 68. Rc7+ Kd8 69. Rxg7 c2 
70. Rg8+ Kc7 71. Rg7+ Kb6 72. Rg8 Ra1 73. Rc8 c1=Q 74. Rxc1 Rxc1 75. Nxh6 Rc8 
76. Nf7 Rf8 77. Nxe5 Rh8 78. Kh3 Rxh5+ 79. Kg4 Rh2 80. Kxg5 Rxg2+ 81. Ng4 Rg1 
82. e5 Ra1 83. e6 Kc6 84. e7 Kd7 85. e8=Q+ Kxe8 86. Kxf4 Kf7 87. Kf5 Kg7 
88. f4 Ra3 1/2-1/2

[Event "Tuesday 16 January Rapid Engine Tour 12+1 Rounds 9 Starts 1600 ST"]
[Site "Infinity Chess"]
[Date "2018.1.16"]
[Round "8"]
[White "KULLANI"]
[Black "Vimtiroba"]
[Result "1-0"]
[ECO "C53"]
[WhiteElo "2463"]
[BlackElo "2493"]
[WhiteEngine "BrainFish_180106_x64_CTG"]
[BlackEngine "CChess@EX_CTG"]
[EventType "Swiss"]
[WhiteTeam ""]
[BlackTeam ""]
[PlyCount "175"]
[TimeControl "720+1"]

1. e4 e5 2. Nf3 Nc6 3. Bc4 Bc5 4. c3 Nf6 5. d3 d6 6. O-O a5 7. Bg5 Ba7 8. Na3 h6 
9. Bh4 g5 10. Bg3 Qe7 11. Re1 Bg4 12. h3 Bxf3 13. Qxf3 h5 14. d4 g4 15. Qd3 h4 
16. Bh2 exd4 17. Nb5 Bb6 18. cxd4 O-O-O 19. e5 g3 20. Qf5+ Nd7 21. fxg3 dxe5 
22. Kh1 Bxd4 23. g4 Qb4 24. Rac1 Bb6 25. a3 Qe7 26. Bd5 Rh6 27. g5 Rg6 
28. Bf4 Rf8 29. Bd2 Kb8 30. b4 a4 31. Rf1 Nd8 32. Bf3 c6 33. Nc3 Rd6 34. Ne4 Rd5 
35. Rcd1 Ne6 36. Qh7 Bd8 37. Bg4 Nf4 38. Bf5 Nb6 39. Be3 Qc7 40. Qxh4 Be7 
41. Rc1 Rd3 42. Bxb6 Qxb6 43. Nc5 Bxc5 44. Bxd3 Bf2 45. Rxf2 Nxd3 46. Rcf1 Nxf2+ 
47. Qxf2 Qxf2 48. Rxf2 Kc7 49. g6 Kd6 50. g7 Rg8 51. Rxf7 b6 52. h4 Ke6 
53. Rc7 Kf6 54. g4 c5 55. bxc5 bxc5 56. Kg2 Rxg7 57. Rc6+ Kf7 58. Kg3 Rg6 
59. Rc7+ Ke6 60. Rc6+ Kf7 61. Rxc5 Re6 62. Rc7+ Kg8 63. g5 e4 64. Rc2 e3 
65. Kf3 Re7 66. Re2 Rf7+ 67. Kg4 Rc7 68. Rxe3 Rc4+ 69. Kh5 Kf8 70. g6 Rd4 
71. Kg5 Kg7 72. Re7+ Kf8 73. Re5 Rd3 74. h5 Rg3+ 75. Kh6 Rg1 76. Kh7 Rg4 
77. h6 Rg1 78. Ra5 Ke7 79. Kg7 Kd7 80. h7 Rh1 81. h8=Q Rxh8 82. Kxh8 Kc6 
83. g7 Kd7 84. g8=Q Kc6 85. Qd5+ Kc7 86. Ra7+ Kb6 87. Rb7+ Ka6 88. Qb5# 1-0

[Event "Tuesday 16 January Rapid Engine Tour 12+1 Rounds 9 Starts 1600 ST"]
[Site "Infinity Chess"]
[Date "2018.1.16"]
[Round "7"]
[White "zzsam_Mat_Pahang"]
[Black "tris77"]
[Result "1/2-1/2"]
[ECO "A06"]
[WhiteElo "2361"]
[BlackElo "2323"]
[WhiteEngine "Houdini 6"]
[BlackEngine "Raubfisch X37a2_CTG"]
[EventType "Swiss"]
[WhiteTeam ""]
[BlackTeam ""]
[PlyCount "160"]
[TimeControl "720+1"]

1. Nf3 d5 2. d4 Nf6 3. e3 e6 4. c4 c6 5. b3 Nbd7 6. Bd3 Bd6 7. Bb2 O-O 8. O-O b6 
9. Nbd2 Bb7 10. Re1 Re8 11. Qc2 h6 12. Rad1 Qe7 13. e4 dxe4 14. Nxe4 Nxe4 
15. Rxe4 Nf6 16. Re3 Ng4 17. Bh7+ Kh8 18. Ree1 Qc7 19. h3 Nf6 20. Bd3 c5 
21. dxc5 Bxc5 22. Qc1 Bf8 23. Be5 Qe7 24. Nd4 Kg8 25. Nb5 Red8 26. Qe3 Ne8 
27. Bf1 Bc6 28. Be2 Rac8 29. Nd4 Bb7 30. Bg4 Nf6 31. Bf3 Bxf3 32. Qxf3 Qc5 
33. Rd3 Nd7 34. Bg3 Nf6 35. Re5 Qa3 36. Bh4 Qxa2 37. Re1 Qa5 38. Red1 e5 
39. Bxf6 Rxd4 40. Rxd4 exd4 41. Bxd4 Rd8 42. g3 Qa6 43. Be3 Rxd1+ 44. Qxd1 Qc8 
45. Qa1 Qb8 46. Bd4 Bc5 47. Bxc5 bxc5 48. Qd1 Qb4 49. Qf3 Qe1+ 50. Kg2 Qe7 
51. Qd5 g6 52. Kf1 Kg7 53. Qf3 Qe5 54. Kg2 a5 55. Qd3 Qe1 56. Qd5 Qc3 
57. Qd1 Qe5 58. Qc1 Kh7 59. Qb1 Kg8 60. Kg1 Qc3 61. Qd1 Kg7 62. Kg2 Qb4 
63. h4 Qb7+ 64. Kh2 Qe4 65. Kg1 Qe5 66. Qd2 Qa1+ 67. Kg2 h5 68. Kf3 Qf6+ 
69. Kg2 Qb6 70. Qe3 Qc6+ 71. Kf1 Qb6 72. Qd3 Qf6 73. Qe3 Qb6 74. Qe5+ Kh7 
75. Qc3 Qc6 76. Qxa5 Qh1+ 77. Ke2 Qe4+ 78. Kf1 Qh1+ 79. Ke2 Qe4+ 80. Kf1 Qh1+ 
1/2-1/2

[Event "Tuesday 16 January Rapid Engine Tour 12+1 Rounds 9 Starts 1600 ST"]
[Site "Infinity Chess"]
[Date "2018.1.16"]
[Round "7"]
[White "Satria_Ungu"]
[Black "CrapCleaner"]
[Result "0-1"]
[ECO "A06"]
[WhiteElo "2405"]
[BlackElo "2410"]
[WhiteEngine "Houdini 6"]
[BlackEngine "SugaR XPrO x64 BMI2_CTG"]
[EventType "Swiss"]
[WhiteTeam ""]
[BlackTeam ""]
[PlyCount "202"]
[TimeControl "720+1"]

1. Nf3 d5 2. d4 Nf6 3. e3 e6 4. c4 c6 5. b3 c5 6. Nbd2 cxd4 7. exd4 b6 
8. Bb2 Be7 9. g3 dxc4 10. bxc4 Nbd7 11. Bg2 Bb7 12. Qe2 Qc7 13. O-O O-O 
14. Rac1 Rfe8 15. Rfd1 Bf8 16. h3 Rad8 17. Re1 h6 18. a3 Bc6 19. Nf1 Qb7 
20. Ne3 b5 21. c5 Rc8 22. Ba1 Qa8 23. Rc2 Be4 24. Nd2 Bxg2 25. Nxg2 a6 
26. f4 Nb6 27. Bc3 Nbd5 28. Nf3 g6 29. Ne5 Nxc3 30. Rxc3 Bg7 31. Rb3 Rc7 
32. Ne3 Rd8 33. Nc2 h5 34. g4 Nd5 35. Qh2 Bh6 36. Rf1 Kh7 37. g5 Bg7 38. Qh1 Qc8 
39. Qe4 Kg8 40. Rbf3 Ne7 41. Rd3 Rb7 42. Rfd1 Rb8 43. Rc3 a5 44. Rb3 Bxe5 
45. fxe5 Nc6 46. Rbb1 Qd7 47. Rd3 b4 48. axb4 axb4 49. Rb2 Qc8 50. Kf2 Qa6 
51. Rdb3 Qa4 52. Kg3 Rb7 53. Rb1 Rbd7 54. Rxb4 Nxb4 55. Rxb4 Qa7 56. Rb3 Rb8 
57. Ra3 Qc7 58. Ne1 Qb7 59. Qxb7 Rdxb7 60. Re3 Rb3 61. Kf4 Rxe3 62. Kxe3 Rb3+ 
63. Nd3 Kf8 64. Ke4 Ke7 65. Nf4 Rc3 66. Nd3 Kd7 67. Nf2 Kc6 68. Nd3 Rb3 
69. Nf2 Rg3 70. Kf4 Rg1 71. Ne4 Rd1 72. Ke3 Rh1 73. Nf2 Re1+ 74. Kd2 Ra1 
75. Ne4 Ra2+ 76. Ke1 Ra3 77. Ke2 Rxh3 78. Nd6 Rh2+ 79. Kf3 Rd2 80. Ke3 Rg2 
81. Kf3 Rxg5 82. Ne4 Rg1 83. Kf2 Rd1 84. Ke3 h4 85. Ng5 Rg1 86. Nf3 Rg3 
87. Kf2 Rg4 88. Ke2 Rg2+ 89. Kf1 h3 90. Nh4 Rb2 91. Kg1 g5 92. d5+ Kxd5 
93. Nf3 g4 94. Ng5 h2+ 95. Kh1 g3 96. c6 Rb1+ 97. Kg2 h1=Q+ 98. Kxg3 Qg1+ 
99. Kh4 Qg2 100. c7 Rh1+ 101. Nh3 Rxh3# 0-1

[Event "Tuesday 16 January Rapid Engine Tour 12+1 Rounds 9 Starts 1600 ST"]
[Site "Infinity Chess"]
[Date "2018.1.16"]
[Round "7"]
[White "ivrdurant"]
[Black "miguello"]
[Result "1/2-1/2"]
[ECO "B06"]
[WhiteElo "2412"]
[BlackElo "2377"]
[WhiteEngine "Raubfisch X37b1._CTG"]
[BlackEngine "asmFishW_2018-01-12_popcnt_CTG"]
[EventType "Swiss"]
[WhiteTeam ""]
[BlackTeam ""]
[PlyCount "97"]
[TimeControl "720+1"]

1. e4 g6 2. d4 Bg7 3. Nc3 d6 4. Be3 a6 5. f4 b5 6. Nf3 Bb7 7. Bd3 Nd7 8. O-O c5 
9. dxc5 Nxc5 10. Bxc5 dxc5 11. e5 Qb6 12. Be4 Bxe4 13. Nxe4 Nh6 14. Re1 O-O 
15. h3 Nf5 16. Qd2 Bh6 17. g3 Rad8 18. Qf2 Qc6 19. c3 Kh8 20. Qe2 Ng7 
21. Rad1 f5 22. exf6 exf6 23. Rxd8 Rxd8 24. Qf2 Ne6 25. Qe3 Bg7 26. f5 gxf5 
27. Nxf6 Nd4 28. cxd4 Bxf6 29. dxc5 f4 30. Qxf4 Qxc5+ 31. Kg2 Qc2+ 32. Kh1 Qxb2 
33. h4 Rf8 34. Ng5 Qc3 35. Re2 Qc6+ 36. Kh2 Qc4 37. Rd2 Qxf4 38. gxf4 Bxg5 
39. fxg5 Rf3 40. h5 Kg8 41. Rd6 Kg7 42. h6+ Kg8 43. Rxa6 Rf5 44. Kh3 Rxg5 
45. Rb6 Kf7 46. Kh4 Rg2 47. a3 Ra2 48. Rxb5 Rxa3 49. Rb4 1/2-1/2

[Event "Tuesday 16 January Rapid Engine Tour 12+1 Rounds 9 Starts 1600 ST"]
[Site "Infinity Chess"]
[Date "2018.1.16"]
[Round "7"]
[White "Eman"]
[Black "RonWeasley"]
[Result "1/2-1/2"]
[ECO "C11"]
[WhiteElo "2449"]
[BlackElo "2435"]
[WhiteEngine "Eman 1.62 64-bit POPCNT"]
[BlackEngine "BrainFish 130117_CTG"]
[EventType "Swiss"]
[WhiteTeam ""]
[BlackTeam ""]
[PlyCount "134"]
[TimeControl "720+1"]

1. e4 e6 2. d4 d5 3. Nc3 Nf6 4. e5 Nfd7 5. f4 c5 6. Nf3 Nc6 7. Be3 cxd4 
8. Nxd4 Qb6 9. Qd2 Qxb2 10. Rb1 Qa3 11. Bb5 Nxd4 12. Bxd4 a6 13. Bxd7+ Bxd7 
14. Rb3 Qe7 15. Rxb7 Rc8 16. O-O Qd8 17. Qe3 Rc4 18. Rfb1 Be7 19. f5 Bg5 
20. Qd3 O-O 21. Ne4 Bc8 22. Bb6 Be3+ 23. Qxe3 Qh4 24. Nf6+ gxf6 25. Rc7 exf5 
26. Rxc4 dxc4 27. exf6 Kh8 28. Bc7 Rg8 29. Bf4 Bd7 30. g3 Qh5 31. Bh6 Re8 
32. Qg5 Qxg5 33. Bxg5 h6 34. Bxh6 Kh7 35. Rb7 Kxh6 36. Rxd7 Re1+ 37. Kf2 Rh1 
38. h4 Kg6 39. Kg2 Rc1 40. Rd2 Kxf6 41. a4 c3 42. Re2 Kg6 43. Kf3 Rf1+ 
44. Kg2 Rd1 45. Re8 Rd2+ 46. Kf3 Rxc2 47. Rc8 Rc1 48. Rc5 c2 49. Ke2 a5 
50. Rc6+ f6 51. Kd2 Ra1 52. Rc4 c1=Q+ 53. Rxc1 Rxa4 54. Ke3 f4+ 55. gxf4 Ra3+ 
56. Kf2 Kh5 57. Rc5+ Kg4 58. Rc6 Rf3+ 59. Kg2 Rxf4 60. Rc5 a4 61. h5 f5 
62. h6 Kg5 63. h7 Rh4 64. Ra5 Rxh7 65. Rxa4 Rc7 66. Ra3 Rd7 67. Rg3+ Kf4 1/2-1/2

[Event "Tuesday 16 January Rapid Engine Tour 12+1 Rounds 9 Starts 1600 ST"]
[Site "Infinity Chess"]
[Date "2018.1.16"]
[Round "7"]
[White "Thor"]
[Black "Harry_Potter"]
[Result "1/2-1/2 "]
[ECO "C20"]
[WhiteElo "2454"]
[BlackElo "2471"]
[WhiteEngine "asmFishW_2017-11-19_bmi2"]
[BlackEngine "Stockfish_18011309_x64_bmi2_CTG"]
[EventType "Swiss"]
[WhiteTeam ""]
[BlackTeam ""]
[PlyCount "140"]
[TimeControl "720+1"]

1. e4 e5 2. h3 Nf6 3. Nc3 Bb4 4. a3 Ba5 5. Nf3 O-O 6. Bc4 c6 7. Nxe5 d5 
8. exd5 cxd5 9. Bb3 Nc6 10. Nxc6 bxc6 11. O-O Qd6 12. Qf3 Re8 13. d3 Bc7 
14. Qg3 Qxg3 15. fxg3 Bxg3 16. Bf4 Bxf4 17. Rxf4 a5 18. Ba4 Bd7 19. Rb1 h6 
20. Kf1 Re3 21. Rf2 Rae8 22. Re2 R3e6 23. Ree1 Rb8 24. Ne2 Rd6 25. Kg1 Kf8 
26. Rf1 Re8 27. Rf2 d4 28. b4 axb4 29. Rxb4 c5 30. Bxd7 Nxd7 31. Ra4 Ne5 
32. Ng3 Rd7 33. Nf5 f6 34. Ra5 c4 35. dxc4 Nxc4 36. Ra4 Re1+ 37. Rf1 Rxf1+ 
38. Kxf1 Ne3+ 39. Nxe3 dxe3 40. Rc4 Rd1+ 41. Ke2 Rd2+ 42. Kxe3 Rxg2 43. Kd4 Ke7 
44. Kc5 Rg3 45. a4 Rxh3 46. a5 Ra3 47. Kb6 f5 48. a6 g5 49. Rc7+ Kf6 50. Rc5 g4 
51. Ra5 Rxa5 52. Kxa5 g3 53. a7 g2 54. a8=Q g1=Q 55. Qh8+ Qg7 56. Qxg7+ Kxg7 
57. c4 f4 58. c5 f3 59. c6 f2 60. c7 h5 61. c8=Q f1=Q 62. Qe8 Qf5+ 63. Ka4 Kh6 
64. Qe7 Kg6 65. Kb4 Qd3 66. Qh4 Qe3 67. Kc4 Qf3 68. Qe7 Kf5 69. Kd4 Kg4 
70. Qg7+ Kh3 1/2-1/2